 Dungeon Sprint DCSS version 0.21-a0-616-g6d9b277d69 (webtiles) character file.

489106 4tharraofdagon the Thanatomancer (level 20, 186/186 HPs)
             Began as a Gnoll Fire Elementalist on Dec 23, 2017.
             Was the Champion of Vehumet.
             Escaped with the Orb!
             The game lasted 00:29:32 (1169 turns).

4tharraofdagon the Thanatomancer (GnFE)             Turns: 1169, Time: 00:29:32

Health: 186/186    AC:  8    Str: 11    XL:     20   Next: 1%
Magic:  68/71      EV: 25    Int: 35    God:    Vehumet [******]
Gold:   0          SH: 34    Dex: 17    Spells: 4/66 levels left

rFire    x . .     SeeInvis .   Y - staff of power
rCold    + + .     Gourm    .   F - +18 shield of the Gong {rElec rN+ MR+ EV-5}
rNeg     + + +     Faith    .   R - +1 leather armour of Pebat {Regen+ Int+4}
rPois    +         Spirit   .   V - +1 helmet of Osixes {rC+}
rElec    +         Reflect  .   G - scarf {repulsion}
rCorr    .         Harm     .   (no gloves)
MR       +++++     Clarity  +   (no boots) Stlth +++.......NoTele +
                                P - amulet of the Four Winds {rN+ MR+++ Clar}
HPRegen  0.81/turn              y - +6 ring of intelligence
MPRegen  0.42/turn              Z - ring "Pafiefux" {Ice *Slow rPois rN+++ MP+9}

@: studying Necromancy, repel missiles
A: distributed training, fangs 1, berserk 1, deformed body, strong nose
0: Orb of Zot
a: Renounce Religion


You escaped.
You worshipped Vehumet.
Vehumet was exalted by your worship.
You were not hungry.

You visited 1 branch

Inventory:

Hand Weapons
 D - the +6 Majin-Bo {vamp, Archmagi MP+6 Int+6}
   (You found it in the Dungeon)

   It inflicts no extra harm, but heals its wielder when it wounds a living foe.
   It affects your intelligence (+6).
   It affects your magic capacity (+6).
 E - the +10 dark maul {crush}
   (You found it in the Dungeon)

   It inflicts extra damage upon your enemies.
Armour
 a - a +2 robe
 F - the +18 shield of the Gong (worn) {rElec rN+ MR+ EV-5}
   (You found it in the Dungeon)

   It affects your evasion (-5).
   It insulates you from electricity.
   It protects you from negative energy.
   It affects your resistance to hostile enchantments.
 G - a scarf of repulsion (worn)
 Q - the +8 orange crystal plate armour {Archmagi, Int+3 Clar}
   (You found it in the Dungeon)

   It affects your intelligence (+3).
   It protects you against confusion.
 R - the +1 leather armour of Pebat (worn) {Regen+ Int+4}
   (You found it in the Dungeon)

   It affects your intelligence (+4).
   It increases your rate of regeneration.
 V - the +1 helmet of Osixes (worn) {rC+}
   (You found it in the Dungeon)

   It protects you from cold.
 W - a +2 robe of magic resistance
Magical Staves
 l - an uncursed staff of cold
 w - an uncursed staff of energy
 K - an uncursed staff of fire
 O - an uncursed staff of wizardry
 Y - an uncursed staff of power (weapon)
Jewellery
 k - the ring of the Crushed Wishes {MR+ Str+2 Int+5}
   (You found it in the Dungeon)

   [ring of protection from magic]

   It affects your strength (+2).
   It affects your intelligence (+5).
   It affects your resistance to hostile enchantments.
 y - a +6 ring of intelligence (left hand)
 z - a +6 ring of intelligence
 A - a +6 ring of strength
 C - the ring "Juqi" {rF+ rC+ rN+ Int+4 Dex-3}
   (You found it in the Dungeon)

   [ring of intelligence]

   It affects your intelligence (+4).
   It affects your dexterity (-3).
   It protects you from fire.
   It protects you from cold.
   It protects you from negative energy.
 L - the ring of Coss {Fire rN+ Int+2 Dex+2}
   (You found it in the Dungeon)

   [ring of fire]

   It enhances your fire magic.
   It affects your intelligence (+2).
   It affects your dexterity (+2).
   It protects you from fire.
   It makes you vulnerable to cold.
   It protects you from negative energy.
 P - the amulet of the Four Winds (around neck) {rN+ MR+++ Clar}
   (You found it in the Dungeon)

   [amulet of nothing]

   It protects you from negative energy.
   It affects your resistance to hostile enchantments.
   It protects you against confusion.
 S - an uncursed amulet of regeneration
 Z - the ring "Pafiefux" (right hand) {Ice *Slow rPois rN+++ MP+9}
   (You found it in the Dungeon)

   [ring of ice]

   It enhances your ice magic.
   It makes you vulnerable to fire.
   It protects you from cold.
   It protects you from poison.
   It renders you almost immune to negative energy.
   It affects your magic capacity (+9).
   It may slow you when you take damage.
Wands
 u - a wand of acid (7)
 v - a wand of iceblast (7)
Scrolls
 i - a scroll of blinking
 o - 4 scrolls of amnesia
 p - 2 scrolls of fear
 q - 7 scrolls of fog
 r - 3 scrolls of holy word
 s - 4 scrolls of identify
 t - 5 scrolls of remove curse
Potions
 d - 9 potions of curing
 e - 14 potions of heal wounds
 f - 8 potions of haste
 g - 4 potions of magic
 h - 2 potions of berserk rage
 j - 5 potions of agility
 m - 5 potions of might
 n - 4 potions of resistance
Books
 b - a book of Annihilations

   Spells                             Type                      Level
   a - Poison Arrow                   Conjuration/Poison           6
   b - Chain Lightning                Conjuration/Air              8
   c - Lehudib's Crystal Spear        Conjuration/Earth            8
   d - Glaciate                       Conjuration/Ice              9
   e - Fire Storm                     Conjuration/Fire             9
 H - a book of Power

   Spells                             Type                      Level
   a - Iskenderun's Battlesphere      Conjuration/Charms           5
   b - Venom Bolt                     Conjuration/Poison           5
   c - Bolt of Magma                  Conjuration/Fire/Earth       5
   d - Iron Shot                      Conjuration/Earth            6
   e - Orb of Destruction             Conjuration                  7
   f - Spellforged Servitor           Conjuration/Summoning        7
 M - a book of the Tempests

   Spells                             Type                      Level
   a - Static Discharge               Conjuration/Air              3
   b - Lightning Bolt                 Conjuration/Air              5
   c - Ignition                       Fire                         8
   d - Tornado                        Air                          9
   e - Shatter                        Earth                        9
 X - a manual of Necromancy
Miscellaneous
 x - a crystal ball of energy
 B - a lightning rod (4/4)
 I - 2 boxes of beasts
 J - 3 sacks of spiders
 N - a lamp of fire
 U - a crystal ball of energy
Comestibles
 c - 3 rations


   Skills:
 + Level 23.4 Fighting
 + Level 23.4 Short Blades
 + Level 23.4 Long Blades
 + Level 23.4 Axes
 + Level 23.4 Maces & Flails
 + Level 23.4 Polearms
 + Level 23.4 Staves
 + Level 23.4 Slings
 + Level 23.4 Bows
 + Level 23.4 Crossbows
 + Level 23.4 Throwing
 + Level 23.4 Armour
 + Level 23.7 Dodging
 + Level 23.6 Stealth
 + Level 23.4 Shields
 + Level 23.4 Unarmed Combat
 + Level 23.7 Spellcasting
 + Level 20.5 Conjurations
 + Level 20.4 Hexes
 + Level 20.4 Charms
 + Level 20.4 Summonings
 + Level 25.5 Necromancy
 + Level 20.4 Translocations
 + Level 20.4 Transmutations
 + Level 20.9 Fire Magic
 + Level 20.4 Ice Magic
 + Level 20.4 Air Magic
 + Level 20.4 Earth Magic
 + Level 20.4 Poison Magic
 + Level 25.1 Invocations
 + Level 23.4 Evocations


You had 4 spell levels left.
You knew the following spells:

 Your Spells              Type           Power        Failure   Level  Hunger
a - Flame Tongue          Conj/Fire      #####        0%          1    None
b - Fireball              Conj/Fire      ########..   0%          5    None
c - Conjure Flame         Conj/Fire      ########     0%          3    None
d - Sticky Flame          Conj/Fire      ########     0%          4    None
e - Freezing Cloud        Conj/Ice/Air   ########..   1%          6    None
f - Orb of Destruction    Conj           ########..   1%          7    None
g - Ignition              Fire           ########..   1%          8    #......
h - Sublimation of Blood  Necr           ########..   0%          2    None
i - Controlled Blink      Tloc           N/A          1%          8    #......
j - Glaciate              Conj/Ice       ########..   3%          9    ####...
k - Tornado               Air            ########..   3%          9    ####...


Dungeon Overview and Level Annotations

Branches:
Dungeon (1/1)

Altars:
Ashenzari
Cheibriados
Dithmenos
Elyvilon
Fedhas
Gozag
Hepliaklqana
Kikubaaqudgha
Makhleb
Nemelex Xobeh
Okawaru
Qazlal
Ru
Sif Muna
Trog
Uskayaw
Vehumet
Wu Jian
Xom
Yredelemnul
Zin
The Shining One
Beogh
Jiyva
Lugonu


Innate Abilities, Weirdness & Mutations

Your experience applies equally to all skills.
You have very sharp teeth.
Your uncanny sense of smell can sniff out nearby items.
You tend to lose your temper in combat.
Armour fits poorly on your strangely shaped body.


Message History

The ring "Laplodgh" {+Fly rElec rF- MP+9 SInv}.
The floor.
Unknown command.
There is a transporter here.
You eat one of the 4 rations.
That ration really hit the spot!
Unknown command.
This spell is slightly dangerous to cast.
Memorise Tornado, consuming 9 spell levels and leaving 4?
You start memorising the spell.
You continue memorising. x9
You finish memorising.
Spell assigned to 'k'.
An exit appears before you!
You enter the transporter and appear at another place.
Found the Orb of Zot.
Found a staircase leading out of the dungeon.
You see here the Orb of Zot.
You pick up the Orb of Zot!
The Orb lets out a hideous shriek!
The lords of Pandemonium are not amused.
Beware!
Now all you have to do is get back out of the dungeon!
There is a staircase leading out of the dungeon here.
You have escaped!

.%†.....†...▓..▓.......▓..▓...8©8
............▓.▓▓▓.....▓▓▓.▓..=)||
............▓..▓.......▓..▓..[:=)
............▓.............▓......
............▓......©......▓......
...†........▓▓▓▓▓▓▓▓▓▓▓▓▓▓▓......
▓.......▓...▓8888888888888▓......
▓▓.....▓▓▓..▓8...........8▓......
▓.......▓...▓8..@.....©..8▓.▓....
............▓8...........8▓....©.
....©.......▓8888888888888▓▓▓▓▓▓▓
▓▓▓▓▓▓▓▓▓▓▓▓▓▓▓▓▓▓▓▓▓▓▓▓▓▓▓▓▓▓▓▓▓
.....8©8........▓........8©8.....
)):=}:)|)[:)")..▓.|}|)[[(:.):)|))
|)[}=:)))))=|)[.▓.:}))))[)).(:)))
).))[?):?|))))[.▓.|)[})|)))))||(.
....).^.........▓...).[[:))=(.)..


There were no monsters in sight!

Vanquished Creatures
  An ancient lich (D)
  A juggernaut (shapeshifter) (D)
  4 shard shrikes (shapeshifter) (D)
  10 pearl dragons (D)
  A glowing shapeshifter (D)
  7 liches (D)
  6 titans (D)
  2 titans (shapeshifter) (D)
  3 deep elf master archers (D)
  An acid blob (D)
  An acid blob (shapeshifter) (D)
  A sphinx (shapeshifter) (D)
  7 shadow dragons (D)
  9 daevas (D)
  2 azure jellies (D)
  3 orc warlords (D)
  4 ghost moths (D)
  6 angels (D)
  11 reapers (D)
  5 apis (D)
  A stone giant (shapeshifter) (D)
  12 stone giants (D)
  6 ophanim (D)
  An entropy weaver (D)
  2 spark wasps (D)
  An ettin (shapeshifter) (D)
  A mummy priest (D)
  3 death oozes (D)
  A deep elf high priest (D)
  A yaktaur captain (D)
  A great orb of eyes (D)
  A hydra (shapeshifter) (D)
  26 vault guards (D)
  An ice dragon (D)
  An anaconda (shapeshifter) (D)
  2 dancing weapons (D)
  A queen ant (shapeshifter) (D)
  2 two-headed ogres (shapeshifter) (D)
  A death scarab (D)
  An ogre mage (D)
  2 shock serpents (shapeshifter) (D)
  2 deep elf knights (D)
  3 orc high priests (D)
  2 hell knights (D)
  An iron troll (shapeshifter) (D)
  2 skeletal warriors (D)
  3 cherubim (D)
  2 flayed ghosts (D)
  2 sea snakes (shapeshifter) (D)
  2 death drakes (shapeshifter) (D)
  An unseen horror (shapeshifter) (D)
  3 deep trolls (shapeshifter) (D)
  2 lindwurms (shapeshifter) (D)
  14 orc knights (D)
  4 orb spiders (D)
  5 deep elf magi (D)
  A phantasmal warrior (D)
  A wolf spider (shapeshifter) (D)
  13 orc sorcerers (D)
  5 wolf spiders (D)
  A cyclops (D)
  A faun (shapeshifter) (D)
  5 shining eyes (D)
  7 moths of wrath (D)
  2 eyes of devastation (D)
  A black mamba (shapeshifter) (D)
  An eye of devastation (shapeshifter) (D)
  2 guardian serpents (shapeshifter) (D)
  A torpor snail (shapeshifter) (D)
  A smoke demon (D)
  A spiny frog (shapeshifter) (D)
  A torpor snail (D)
  8 hellions (D)
  3 water nymphs (shapeshifter) (D)
  3 rime drakes (D)
  A rime drake (shapeshifter) (D)
  3 yaktaurs (D)
  10 tormentors (D)
  5 ice devils (D)
  A komodo dragon (shapeshifter) (D)
  2 guardian mummies (D)
  5 freezing wraiths (D)
  2 merfolk (shapeshifter) (D)
  2 queen bees (shapeshifter) (D)
  A tyrant leech (shapeshifter) (D)
  A red devil (D)
  4 jumping spiders (D)
  3 polar bears (D)
  A jumping spider (shapeshifter) (D)
  A hornet (shapeshifter) (D)
  5 trolls (D)
  10 hornets (D)
  A hippogriff (shapeshifter) (D)
  A raiju (D)
  A wind drake (shapeshifter) (D)
  10 slime creatures (D)
  A slime creature (shapeshifter) (D)
  A flying skull (D)
  4 redbacks (D)
  A shadow (D)
  An air elemental (D)
  5 wraiths (D)
  5 tarantellas (D)
  A redback (shapeshifter) (D)
  An ushabti (D)
  2 water elementals (D)
  A fire elemental (D)
  A hog (shapeshifter) (D)
  A hungry ghost (D)
  2 golden eyes (D)
  A fire bat (D)
  2 humans (shapeshifter) (D)
  A swamp worm (shapeshifter) (D)
  4 wargs (D)
  3 insubstantial wisps (D)
  2 floating eyes (shapeshifter) (D)
  18 orc warriors (D)
  A floating eye (D)
  A phantom (D)
  An ice beast (shapeshifter) (D)
  An eye of draining (D)
  20 ogres (D)
  A centaur (D)
  A necrophage (D)
  3 scorpions (D)
  5 crimson imps (D)
  2 quasits (D)
  7 orc wizards (D)
  7 orc priests (D)
  9 jellies (D)
  A gnoll (D)
  2 shadow imps (D)
  4 white imps (D)
  5 oozes (D)
  An adder skeleton (D)
  6 adder zombies (D)
  An orc (shapeshifter) (D)
  An orc (D)
  6 bat skeletons (D)
  6 bat zombies (D)
  A ball python zombie (D)
  A giant cockroach simulacrum (D)
  4 giant cockroach zombies (D)
  2 jackal zombies (D)
  2 quokka skeletons (D)
  3 quokka zombies (D)
  4 blocks of ice (D)
496 creatures vanquished.

Vanquished Creatures (collateral kills)
  An ancient lich (D)
  2 iron giants (D)
  A vault guard (D)
  4 rust devils (D)
  A demonic crawler (D)
  A red devil (D)
  5 iron imps (D)
15 creatures vanquished.

Vanquished Creatures (others)
  A water elemental (D)
1 creature vanquished.

Grand Total: 512 creatures vanquished

Notes
Turn   | Place    | Note
-------+----------+-------------------------------------------
     0 | D        | Found the +6 Majin-Bo {vamp, Archmagi MP+6 Int+6}
     0 | D        | Found the +7 great mace "Firestarter" {inner flame, rF++}
     0 | D        | 4tharraofdagon the Gnoll Fire Elementalist began the quest for the Orb.
     0 | D        | Reached XP level 1. HP: 13/13 MP: 6/6
     0 | D        | Found a deep blue altar of Sif Muna.
     0 | D        | Found a sacrificial altar of Ru.
     0 | D        | Found a bloodstained altar of Trog.
     0 | D        | Found a stormy altar of Qazlal.
     0 | D        | Found an iron altar of Okawaru.
     0 | D        | Found a sparkling altar of Nemelex Xobeh.
     0 | D        | Found a blossoming altar of Fedhas.
     1 | D        | Reached skill level 5 in Dodging
     1 | D        | Reached skill level 5 in Spellcasting
     1 | D        | Reached skill level 1 in Hexes
     1 | D        | Reached skill level 1 in Charms
     1 | D        | Reached skill level 1 in Summonings
     1 | D        | Reached skill level 1 in Necromancy
     1 | D        | Reached skill level 1 in Translocations
     1 | D        | Reached skill level 1 in Transmutations
     1 | D        | Reached skill level 1 in Ice Magic
     1 | D        | Reached skill level 1 in Air Magic
     1 | D        | Reached skill level 1 in Earth Magic
     1 | D        | Reached skill level 1 in Poison Magic
     1 | D        | Reached XP level 2. HP: 22/22 MP: 6/8
     3 | D        | Found a transporter.
     3 | D        | Found an ancient bone altar of Kikubaaqudgha.
     3 | D        | Found a viscous altar of Jiyva.
     3 | D        | Found a corrupted altar of Lugonu.
     3 | D        | Found a hazy altar of Hepliaklqana.
     3 | D        | Found a burning altar of Makhleb.
     3 | D        | Found an opulent altar of Gozag.
    23 | D        | Found the +6 shillelagh "Devastator" {shatter}
    23 | D        | Found the +11 plutonium sword {*Contam Stlth-}
    23 | D        | Found the +8 lance "Wyrmbane" {slay drac, rPois rF+ rC+ AC+3}
    23 | D        | Found the +9 sword of Zonguldrok {reap}
    23 | D        | Found the cursed +13 scythe of Curses {drain, *Curse}
    23 | D        | Found the +0 sword of Power
    23 | D        | Found the +2 mace of Variability {chaos}
    23 | D        | Found the +7 Singing Sword
    23 | D        | Found the +7 longbow "Piercer" {penet, EV-2}
    25 | D        | Found the +9 heavy crossbow "Sniper" {velocity, Acc+∞ SInv}
    25 | D        | Found the +10 dark maul {crush}
    25 | D        | Found the +15 Maxwell's patent armour {-Cast -Tele rElec MR+ rCorr}
    25 | D        | Found the +18 shield of the Gong {rElec rN+ MR+ EV-5}
    25 | D        | Found the cursed +14 obsidian axe {chop, +Fly SInv *Curse}
    53 | D        | Became a worshipper of Vehumet
    72 | D        | Entered arena 2.
    72 | D        | Noticed a yaktaur
    72 | D        | Noticed a centaur
    72 | D        | Found a transporter.
    77 | D        | Killed a centaur
    77 | D        | Reached skill level 5 in Stealth
    77 | D        | Reached XP level 3. HP: 29/29 MP: 8/10
    77 | D        | Reached XP level 4. HP: 35/35 MP: 9/12
    83 | D        | Killed a yaktaur
    83 | D        | Reached skill level 5 in Invocations
    83 | D        | Reached XP level 5. HP: 43/43 MP: 9/14
    83 | D        | Reached XP level 6. HP: 50/50 MP: 10/16
    91 | D        | Learned a level 5 spell: Fireball
    95 | D        | Learned a level 3 spell: Conjure Flame
   100 | D        | Learned a level 4 spell: Sticky Flame
   102 | D        | Entered arena 3.
   102 | D        | Found a transporter.
   105 | D        | Reached * piety under Vehumet
   105 | D        | Offered knowledge of Shock by Vehumet.
   105 | D        | Reached skill level 5 in Fighting
   105 | D        | Reached skill level 5 in Short Blades
   105 | D        | Reached skill level 5 in Long Blades
   105 | D        | Reached skill level 5 in Axes
   105 | D        | Reached skill level 5 in Maces & Flails
   105 | D        | Reached skill level 5 in Polearms
   105 | D        | Reached skill level 5 in Staves
   105 | D        | Reached skill level 5 in Slings
   105 | D        | Reached skill level 5 in Bows
   105 | D        | Reached skill level 5 in Crossbows
   105 | D        | Reached skill level 5 in Throwing
   105 | D        | Reached skill level 5 in Armour
   105 | D        | Reached skill level 5 in Shields
   105 | D        | Reached skill level 5 in Unarmed Combat
   105 | D        | Reached skill level 5 in Evocations
   108 | D        | Reached XP level 7. HP: 56/56 MP: 14/17
   119 | D        | Entered arena 4.
   119 | D        | Noticed an air elemental
   119 | D        | Noticed an insubstantial wisp
   119 | D        | Noticed an insubstantial wisp
   119 | D        | Noticed an insubstantial wisp
   119 | D        | Found a transporter.
   122 | D        | Killed an air elemental
   122 | D        | Reached ** piety under Vehumet
   122 | D        | Reached skill level 5 in Conjurations
   128 | D        | Killed an insubstantial wisp
   139 | D        | Killed an insubstantial wisp
   139 | D        | Reached skill level 5 in Hexes
   139 | D        | Reached skill level 5 in Charms
   139 | D        | Reached skill level 5 in Summonings
   139 | D        | Reached skill level 5 in Necromancy
   139 | D        | Reached skill level 5 in Translocations
   139 | D        | Reached skill level 5 in Transmutations
   139 | D        | Reached skill level 5 in Ice Magic
   139 | D        | Reached skill level 5 in Air Magic
   139 | D        | Reached skill level 5 in Earth Magic
   139 | D        | Reached skill level 5 in Poison Magic
   139 | D        | Reached XP level 8. HP: 27/64 MP: 5/19
   179 | D        | Entered arena 5.
   179 | D        | Noticed a deep elf mage
   179 | D        | Noticed a deep elf mage
   179 | D        | Noticed a water elemental
   179 | D        | Found a transporter.
   185 | D        | Killed a deep elf mage
   185 | D        | Reached *** piety under Vehumet
   185 | D        | Killed a deep elf mage
   185 | D        | Reached XP level 9. HP: 37/72 MP: 21/21
   197 | D        | Identified the Volume of the Bewitching Snowflakes (You found it in the Dungeon)
   204 | D        | Learned a level 6 spell: Freezing Cloud
   205 | D        | Entered arena 6.
   205 | D        | Found a transporter.
   210 | D        | Reached **** piety under Vehumet
   219 | D        | Entered arena 7.
   219 | D        | Noticed a guardian mummy
   219 | D        | Noticed a guardian mummy
   219 | D        | Noticed a death scarab
   219 | D        | Noticed a mummy priest
   220 | D        | Reached ***** piety under Vehumet
   223 | D        | Noticed a flayed ghost
   223 | D        | Killed a death scarab
   227 | D        | Killed a mummy priest
   227 | D        | Reached XP level 10. HP: 50/81 MP: 18/23
   230 | D        | Reached skill level 10 in Spellcasting
   231 | D        | Found a transporter.
   237 | D        | Identified the Handbook of the Rocks and Good Luck (You found it in the Dungeon)
   248 | D        | Learned a level 7 spell: Orb of Destruction
   250 | D        | Entered arena 8.
   252 | D        | Reached ****** piety under Vehumet
   253 | D        | Found a transporter.
   284 | D        | Entered arena 9.
   284 | D        | Noticed a shining eye
   286 | D        | Offered knowledge of Searing Ray by Vehumet.
   288 | D        | Killed a shining eye
   288 | D        | Reached skill level 10 in Dodging
   289 | D        | Found a transporter.
   295 | D        | Got the ring of Coss {Fire rN+ Int+2 Dex+2}
   302 | D        | Entered arena 10.
   302 | D        | Noticed a smoke demon
   304 | D        | Reached skill level 10 in Stealth
   305 | D        | Found a transporter.
   310 | D        | Killed a smoke demon
   310 | D        | Reached skill level 10 in Invocations
   326 | D        | Got the amulet of Amorality {Gourm rN++}
   344 | D        | Entered arena 11.
   345 | D        | Found the +8 orange crystal plate armour {Archmagi, Int+3 Clar}
   347 | D        | Reached XP level 11. HP: 39/88 MP: 15/25
   350 | D        | Found a transporter.
   358 | D        | Got the +3 ring mail "Yzefon" {*Corrode rC+ Regen+}
   408 | D        | Entered arena 12.
   409 | D        | Noticed a shining eye
   409 | D        | Noticed a death ooze
   413 | D        | Killed a death ooze
   413 | D        | Reached skill level 10 in Fire Magic
   414 | D        | Reached skill level 10 in Fighting
   414 | D        | Reached skill level 10 in Short Blades
   414 | D        | Reached skill level 10 in Long Blades
   414 | D        | Reached skill level 10 in Axes
   414 | D        | Reached skill level 10 in Maces & Flails
   414 | D        | Reached skill level 10 in Polearms
   414 | D        | Reached skill level 10 in Staves
   414 | D        | Reached skill level 10 in Slings
   414 | D        | Reached skill level 10 in Bows
   414 | D        | Reached skill level 10 in Crossbows
   414 | D        | Reached skill level 10 in Throwing
   414 | D        | Reached skill level 10 in Armour
   414 | D        | Reached skill level 10 in Shields
   414 | D        | Reached skill level 10 in Unarmed Combat
   414 | D        | Reached skill level 10 in Evocations
   417 | D        | Killed a shining eye
   420 | D        | Found a transporter.
   436 | D        | Entered arena 13.
   436 | D        | Noticed an azure jelly
   436 | D        | Noticed an acid blob
   439 | D        | Noticed a shining eye
   439 | D        | Noticed a death ooze
   439 | D        | Killed an azure jelly
   441 | D        | Gained mutation: Armour fits poorly on your strangely shaped body. [a shining eye]
   442 | D        | Killed an acid blob
   442 | D        | Killed a death ooze
   442 | D        | Reached XP level 12. HP: 66/99 MP: 27/27
   442 | D        | Gained mutation: You tend to lose your temper in combat. [a shining eye]
   448 | D        | Found a transporter.
   454 | D        | Identified the Compendium of the Maze (You found it in the Dungeon)
   456 | D        | Entered arena 14.
   457 | D        | Noticed a sun demon
   457 | D        | Noticed Jimalo the pandemonium lord
   458 | D        | Noticed Ynauhuh the pandemonium lord
   458 | D        | Noticed a reaper
   458 | D        | Noticed Qiodeeff the pandemonium lord
   459 | D        | Found a transporter.
   462 | D        | Entered arena 15.
   463 | D        | Noticed a deep elf knight
   463 | D        | Noticed a deep elf high priest
   463 | D        | Noticed a deep elf master archer
   464 | D        | Noticed a deep elf knight
   464 | D        | Noticed a deep elf master archer
   464 | D        | Noticed a deep elf master archer
   470 | D        | Offered knowledge of Throw Frost by Vehumet.
   472 | D        | Killed a deep elf knight
   473 | D        | Killed a deep elf master archer
   473 | D        | Reached skill level 10 in Conjurations
   473 | D        | Killed a deep elf master archer
   473 | D        | Reached skill level 10 in Hexes
   473 | D        | Reached skill level 10 in Charms
   473 | D        | Reached skill level 10 in Summonings
   473 | D        | Reached skill level 10 in Necromancy
   473 | D        | Reached skill level 10 in Translocations
   473 | D        | Reached skill level 10 in Transmutations
   473 | D        | Reached skill level 10 in Ice Magic
   473 | D        | Reached skill level 10 in Air Magic
   473 | D        | Reached skill level 10 in Earth Magic
   473 | D        | Reached skill level 10 in Poison Magic
   474 | D        | Killed a deep elf high priest
   474 | D        | Killed a deep elf knight
   477 | D        | Killed a deep elf master archer
   477 | D        | Reached XP level 13. HP: 76/108 MP: 5/30
   479 | D        | Found a transporter.
   500 | D        | Learned a level 8 spell: Ignition
   501 | D        | Entered arena 16.
   509 | D        | Found a transporter.
   535 | D        | Identified the Handbook of Sinister Arts and Air (You found it in the Dungeon)
   538 | D        | Learned a level 2 spell: Sublimation of Blood
   542 | D        | Entered arena 17.
   545 | D        | Noticed an azure jelly
   545 | D        | Noticed a great orb of eyes
   546 | D        | Found the +7 great mace "Undeadhunter" {disrupt, rN+}
   546 | D        | Noticed a death ooze
   547 | D        | Found a transporter.
   548 | D        | Killed an azure jelly
   548 | D        | Killed a death ooze
   549 | D        | Killed a great orb of eyes
   583 | D        | Entered arena 18.
   587 | D        | Noticed an ice dragon
   589 | D        | Killed an ice dragon
   591 | D        | Found a transporter.
   600 | D        | Entered arena 19.
   604 | D        | Noticed a stone giant
   604 | D        | Noticed a stone giant
   605 | D        | Reached XP level 14. HP: 88/118 MP: 32/32
   605 | D        | Killed a stone giant
   605 | D        | Killed a stone giant
   607 | D        | Found a transporter.
   615 | D        | Entered arena 20.
   620 | D        | Noticed an orc warlord
   622 | D        | Found a transporter.
   623 | D        | Reached skill level 15 in Invocations
   625 | D        | Killed an orc warlord
   635 | D        | Entered arena 21.
   639 | D        | Noticed a bone dragon
   639 | D        | Noticed a reaper
   640 | D        | Noticed a reaper
   641 | D        | Noticed a reaper
   641 | D        | Noticed a reaper
   641 | D        | Noticed a reaper
   641 | D        | Noticed an iron giant
   641 | D        | Noticed a reaper
   642 | D        | Killed a reaper
   642 | D        | Killed a reaper
   642 | D        | Reached skill level 15 in Spellcasting
   642 | D        | Killed a reaper
   642 | D        | Reached skill level 15 in Dodging
   642 | D        | Killed a reaper
   642 | D        | Killed a reaper
   642 | D        | Reached skill level 15 in Stealth
   642 | D        | Killed a reaper
   654 | D        | HP: 6/121 [efreet/bolt of fire (4)]
   658 | D        | Found a transporter.
   661 | D        | Identified the Collected Works on Transmigration and Good Luck (You found it in the Dungeon)
   662 | D        | Entered arena 22.
   716 | D        | Noticed a glowing shapeshifter
   716 | D        | Noticed a glowing shapeshifter
   716 | D        | Noticed a juggernaut
   717 | D        | Noticed a glowing shapeshifter
   717 | D        | a glowing shapeshifter changed into a deep troll
   717 | D        | Noticed a shard shrike
   717 | D        | a glowing shapeshifter changed into a shard shrike
   717 | D        | Noticed a juggernaut
   717 | D        | a glowing shapeshifter changed into a juggernaut
   717 | D        | Noticed a shard shrike
   717 | D        | a juggernaut changed into a shard shrike
   718 | D        | Offered knowledge of Olgreb's Toxic Radiance by Vehumet.
   718 | D        | Killed a shard shrike
   718 | D        | Reached skill level 15 in Fighting
   718 | D        | Reached skill level 15 in Short Blades
   718 | D        | Reached skill level 15 in Long Blades
   718 | D        | Reached skill level 15 in Axes
   718 | D        | Reached skill level 15 in Maces & Flails
   718 | D        | Reached skill level 15 in Polearms
   718 | D        | Reached skill level 15 in Staves
   718 | D        | Reached skill level 15 in Slings
   718 | D        | Reached skill level 15 in Bows
   718 | D        | Reached skill level 15 in Crossbows
   718 | D        | Reached skill level 15 in Throwing
   718 | D        | Reached skill level 15 in Armour
   718 | D        | Reached skill level 15 in Shields
   718 | D        | Reached skill level 15 in Unarmed Combat
   718 | D        | Reached skill level 15 in Evocations
   718 | D        | Reached XP level 15. HP: 70/129 MP: 34/34
   718 | D        | Killed a shard shrike
   718 | D        | Noticed a shard shrike
   718 | D        | a juggernaut changed into a shard shrike
   719 | D        | Noticed a titan
   719 | D        | Noticed a shard shrike
   719 | D        | Noticed a titan
   719 | D        | a shard shrike changed into a titan
   720 | D        | Killed a titan
   720 | D        | Reached skill level 15 in Necromancy
   720 | D        | Noticed a titan
   720 | D        | a shard shrike changed into a titan
   720 | D        | Noticed a golden dragon
   720 | D        | a titan changed into a golden dragon
   721 | D        | Noticed a juggernaut
   721 | D        | a titan changed into a juggernaut
   722 | D        | Noticed a shard shrike
   722 | D        | a juggernaut changed into a shard shrike
   724 | D        | Noticed a juggernaut
   724 | D        | a shard shrike changed into a juggernaut
   724 | D        | a golden dragon changed into an iron troll
   725 | D        | Noticed an azure jelly
   725 | D        | a death yak changed into an azure jelly
   727 | D        | an azure jelly changed into a stone giant
   728 | D        | Noticed a sphinx
   728 | D        | Noticed a titan
   728 | D        | a juggernaut changed into a titan
   730 | D        | Killed a titan
   732 | D        | Killed a sphinx
   738 | D        | Found a transporter.
   743 | D        | Got the ring of the Crushed Wishes {MR+ Str+2 Int+5}
   751 | D        | Identified the Handbook of Creative Attacks (You found it in the Dungeon)
   762 | D        | Entered arena 23.
   768 | D        | Noticed a juggernaut
   768 | D        | Noticed a glowing shapeshifter
   768 | D        | Noticed a shard shrike
   768 | D        | Noticed a shard shrike
   768 | D        | a glowing shapeshifter changed into a shard shrike
   769 | D        | Noticed a glowing shapeshifter
   769 | D        | Noticed a titan
   769 | D        | Noticed a caustic shrike
   769 | D        | a titan changed into a caustic shrike
   769 | D        | Noticed a caustic shrike
   769 | D        | a shard shrike changed into a caustic shrike
   770 | D        | Noticed a titan
   771 | D        | Found the +8 frozen axe "Frostbite" {freezing cloud, *Noise +Fly rC+}
   771 | D        | Killed a glowing shapeshifter
   771 | D        | Killed a shard shrike
   771 | D        | Reached skill level 15 in Fire Magic
   771 | D        | Noticed a juggernaut
   771 | D        | a titan changed into a juggernaut
   771 | D        | Noticed an acid blob
   771 | D        | a caustic shrike changed into an acid blob
   773 | D        | Noticed an iron dragon
   773 | D        | an acid blob changed into an iron dragon
   773 | D        | Noticed an acid blob
   773 | D        | a caustic shrike changed into an acid blob
   774 | D        | Reached XP level 16. HP: 105/139 MP: 24/37
   774 | D        | Killed a juggernaut
   774 | D        | Killed an acid blob
   774 | D        | Noticed a shadow dragon
   774 | D        | an iron dragon changed into a shadow dragon
   774 | D        | Noticed a titan
   774 | D        | a juggernaut changed into a titan
   775 | D        | Noticed a quicksilver dragon
   775 | D        | a shadow dragon changed into a quicksilver dragon
   776 | D        | a quicksilver dragon changed into a death yak
   779 | D        | Noticed a shard shrike
   779 | D        | a titan changed into a shard shrike
   783 | D        | Killed a shard shrike
   787 | D        | Found a transporter.
   793 | D        | Identified Sif Muna's Incunabulum of Ashen Air (You found it in the Dungeon)
   799 | D        | Got the ring "Pafiefux" {Ice *Slow rPois rN+++ MP+9}
   810 | D        | Learned a level 8 spell: Controlled Blink
   822 | D        | Entered arena 24.
   830 | D        | Noticed a daeva
   830 | D        | Noticed a pearl dragon
   830 | D        | Noticed a pearl dragon
   830 | D        | Noticed a daeva
   831 | D        | Noticed a pearl dragon
   831 | D        | Noticed a pearl dragon
   831 | D        | Noticed a pearl dragon
   831 | D        | Noticed a daeva
   831 | D        | Noticed a daeva
   831 | D        | Noticed a pearl dragon
   831 | D        | Noticed a pearl dragon
   831 | D        | Noticed a pearl dragon
   832 | D        | Found the amulet of the Four Winds {rN+ MR+++ Clar}
   832 | D        | Noticed a pearl dragon
   832 | D        | Reached skill level 15 in Conjurations
   832 | D        | Killed a pearl dragon
   832 | D        | Reached skill level 15 in Hexes
   832 | D        | Reached skill level 15 in Charms
   832 | D        | Reached skill level 15 in Summonings
   832 | D        | Reached skill level 15 in Translocations
   832 | D        | Reached skill level 15 in Transmutations
   832 | D        | Reached skill level 15 in Ice Magic
   832 | D        | Reached skill level 15 in Air Magic
   832 | D        | Reached skill level 15 in Earth Magic
   832 | D        | Reached skill level 15 in Poison Magic
   832 | D        | Killed a pearl dragon
   833 | D        | Noticed a daeva
   833 | D        | Killed a daeva
   833 | D        | Killed a daeva
   833 | D        | Killed a pearl dragon
   833 | D        | Killed a pearl dragon
   833 | D        | Killed a pearl dragon
   833 | D        | Killed a pearl dragon
   833 | D        | Reached XP level 17. HP: 97/151 MP: 39/39
   834 | D        | Noticed a pearl dragon
   834 | D        | Killed a pearl dragon
   835 | D        | Killed a pearl dragon
   836 | D        | Killed a pearl dragon
   856 | D        | Killed a pearl dragon
   866 | D        | Found a transporter.
   886 | D        | Identified the Handbook of the Frostbite and Venom (You found it in the Dungeon)
   889 | D        | Identified Cesem's Tome of Ashen Poisoning (You found it in the Dungeon)
   892 | D        | Identified the Volume of Heat and Earth (You found it in the Dungeon)
   916 | D        | Entered arena 25.
   929 | D        | Found the cursed necklace of Bloodlust {*Rage +Rage MR++ Int-3 Slay+6 *Curse}
   929 | D        | Offered knowledge of Mephitic Cloud by Vehumet.
   929 | D        | Reached XP level 18. HP: 78/162 MP: 42/42
   932 | D        | Found a transporter.
   944 | D        | Identified the Guide on Glacial Confrontation (You found it in the Dungeon)
   955 | D        | Got the +1 helmet of Osixes {rC+}
   975 | D        | Got the +1 leather armour of Pebat {Regen+ Int+4}
  1000 | D        | Learned a level 9 spell: Glaciate
  1018 | D        | Entered arena 26.
  1027 | D        | Noticed an iron giant
  1029 | D        | Found the +8 demon blade "Bloodbane" {slice, *Rage +Rage Stlth-}
  1037 | D        | Noticed an iron giant
  1041 | D        | Killed an iron giant
  1047 | D        | Found a transporter.
  1048 | D        | Killed an iron giant
  1051 | D        | Found the +10 zealot's sword {holy, *Rage rN+ EV+3}
  1060 | D        | Got the ring "Juqi" {rF+ rC+ rN+ Int+4 Dex-3}
  1076 | D        | Identified the +0 hat of the Thinker {Str-3 Int-3 SInv Stlth+} (You acquired it in the Dungeon)
  1080 | D        | Entered arena 27.
  1088 | D        | Noticed a lich
  1088 | D        | Noticed a lich
  1089 | D        | Noticed a titan
  1090 | D        | Noticed an ancient lich
  1090 | D        | Noticed a titan
  1090 | D        | Noticed a titan
  1090 | D        | Noticed a lich
  1090 | D        | Noticed a lich
  1090 | D        | Noticed a titan
  1091 | D        | Noticed a titan
  1091 | D        | Noticed a lich
  1091 | D        | Noticed an ancient lich
  1092 | D        | Noticed a titan
  1092 | D        | Noticed a lich
  1093 | D        | Noticed a lich
  1093 | D        | Killed a lich
  1093 | D        | Killed a lich
  1093 | D        | Killed a titan
  1093 | D        | Killed a lich
  1093 | D        | Killed a titan
  1093 | D        | Killed a titan
  1093 | D        | Killed a titan
  1093 | D        | Reached XP level 19. HP: 161/174 MP: 45/45
  1095 | D        | Killed an ancient lich
  1098 | D        | Found a transporter.
  1101 | D        | Killed an ancient lich
  1120 | D        | Entered arena 28.
  1131 | D        | Found the +5 demon whip "Spellbinder" {antimagic, MR+}
  1133 | D        | Offered knowledge of Ozocubu's Refrigeration by Vehumet.
  1137 | D        | Reached XP level 20. HP: 178/186 MP: 47/47
  1140 | D        | Found a transporter.
  1160 | D        | Learned a level 9 spell: Tornado
  1164 | D        | Got the Orb of Zot
  1169 | D        | Escaped with the Orb!

Vault maps used:
D:        sprint_v

Skill      XL: |  1  2  3  4  5  6  7  8  9 10 11 12 13 14 15 16 17 18 19 |
---------------+----------------------------------------------------------+-----
Fighting       | 2 3 4 5 6 7 8 9 10 12 13 15 16 18 20 21 23 | 23.4
Short Blades   | 2 3 4 5 6 7 8 9 10 12 13 15 16 18 20 21 23 | 23.4
Long Blades    | 2 3 4 5 6 7 8 9 10 12 13 15 16 18 20 21 23 | 23.4
Axes           | 2 3 4 5 6 7 8 9 10 12 13 15 16 18 20 21 23 | 23.4
Maces & Flails | 2 3 4 5 6 7 8 9 10 12 13 15 16 18 20 21 23 | 23.4
Polearms       | 2 3 4 5 6 7 8 9 10 12 13 15 16 18 20 21 23 | 23.4
Staves         | 2 3 4 5 6 7 8 9 10 12 13 15 16 18 20 21 23 | 23.4
Slings         | 2 3 4 5 6 7 8 9 10 12 13 15 16 18 20 21 23 | 23.4
Bows           | 2 3 4 5 6 7 8 9 10 12 13 15 16 18 20 21 23 | 23.4
Crossbows      | 2 3 4 5 6 7 8 9 10 12 13 15 16 18 20 21 23 | 23.4
Throwing       | 2 3 4 5 6 7 8 9 10 12 13 15 16 18 20 21 23 | 23.4
Armour         | 2 3 4 5 6 7 8 9 10 12 13 15 16 18 20 21 23 | 23.4
Dodging        | 5 6 7 8 9 10 11 12 14 15 17 18 20 22 23 | 23.7
Shields        | 2 3 4 5 6 7 8 9 10 12 13 15 16 18 20 21 23 | 23.4
Unarmed Combat | 2 3 4 5 6 7 8 9 10 12 13 15 16 18 20 21 23 | 23.4
Spellcasting   | 5 6 7 8 9 10 11 13 14 15 17 18 20 22 23 | 23.7
Conjurations   | 2 3 4 5 6 7 8 9 10 11 13 14 16 17 19 20 | 20.5
Hexes          | 1 2 4 5 6 7 9 10 11 12 14 15 17 18 20 | 20.4
Charms         | 1 2 4 5 6 7 9 10 11 12 14 15 17 18 20 | 20.4
Summonings     | 1 2 4 5 6 7 9 10 11 12 14 15 17 18 20 | 20.4
Necromancy     | 1 2 4 5 6 7 9 10 12 14 16 19 21 23 25 | 25.5
Translocations | 1 2 4 5 6 7 9 10 11 12 14 15 17 18 20 | 20.4
Transmutations | 1 2 4 5 6 7 9 10 11 12 14 15 17 18 20 | 20.4
Ice Magic      | 1 2 4 5 6 7 9 10 11 12 14 15 17 18 20 | 20.4
Air Magic      | 1 2 4 5 6 7 9 10 11 12 14 15 17 18 20 | 20.4
Earth Magic    | 1 2 4 5 6 7 9 10 11 12 14 15 17 18 20 | 20.4
Poison Magic   | 1 2 4 5 6 7 9 10 11 12 14 15 17 18 20 | 20.4
Invocations    | 2 3 5 6 7 9 10 11 13 14 16 17 19 21 23 25 | 25.1
Evocations     | 2 3 4 5 6 7 8 9 10 12 13 15 16 18 20 21 23 | 23.4
Stealth        | 5 6 7 8 9 10 11 12 14 15 17 18 20 22 23 | 23.6
Fire Magic     | 6 7 8 9 10 11 12 13 15 16 17 19 20 | 20.9

Action                   |  1- 3 |  4- 6 |  7- 9 | 10-12 | 13-15 | 16-18 | 19-21 || total
-------------------------+-------+-------+-------+-------+-------+-------+-------++-------
Melee: Shillelagh        |     2 |     6 |    34 |     5 |       |       |       ||    47
       Bite              |       |       |     3 |     1 |       |       |       ||     4
       Staff             |       |       |       |     5 |       |       |       ||     5
 Cast: Fireball          |       |       |     6 |    30 |    13 |    13 |     5 ||    67
       Sticky Flame      |       |       |       |     1 |     1 |       |       ||     2
       Freezing Cloud    |       |       |       |     1 |       |       |       ||     1
       Orb of Destructio |       |       |       |     2 |    10 |     5 |       ||    17
       Ignition          |       |       |       |       |    12 |    11 |     7 ||    30
       Sublimation of Bl |       |       |       |       |     2 |     2 |       ||     4
       Glaciate          |       |       |       |       |       |     1 |       ||     1
Evoke: Staff of energy   |       |       |       |    12 |     8 |       |       ||    20
       Sack of spiders   |       |       |       |       |       |     5 |       ||     5
  Use: Potion            |     2 |       |     3 |     5 |     2 |     1 |       ||    13
       Scroll            |       |       |       |     3 |     2 |     3 |       ||     8
 Stab: Sleeping          |     1 |       |     1 |       |       |       |       ||     2
       Invisible         |       |     1 |     6 |       |       |       |       ||     7
  Eat: Chunk             |       |       |       |     7 |       |       |     1 ||     8
       Ration            |       |       |       |       |     2 |     1 |     1 ||     4
Armor: Ring mail         |       |       |       |       |     1 |       |       ||     1
       Leather armour    |       |       |       |       |       |     2 |       ||     2
Dodge: Dodged            |       |     1 |     5 |     7 |     7 |     7 |     4 ||    31
       Deflected         |       |       |       |       |     1 |     1 |     4 ||     6
Block: Shield            |     1 |     7 |    42 |    25 |    23 |    28 |     6 ||   132

Table legend:
 A = Spawn XP
 B = Non-spawn XP
 C = Spawn XP percentage of total XP
 D = Spawn monster count
 E = Non-spawn monster count
 F = Spawn count percentage of total count
 G = Total turns spent on level
                    A         B        C        D         E        F      G
               +---------+---------+-------+---------+---------+-------+---------
         Total |       0 |  400257 |   0.0 |       0 |     508 |   0.0 |  1169
               +---------+---------+-------+---------+---------+-------+---------
             D |       0 |  400257 |   0.0 |       0 |     508 |   0.0 |  1169
               +---------+---------+-------+---------+---------+-------+---------

Vault maps used:
D:        sprint_v
